 Dungeon Crawl Stone Soup version 0.30-a0-4-ga7cffc901d (webtiles) character file.

Game seed: 17821704122305769745

57 SensoryNuts the Trooper (level 4, -3/29 HPs)
             Began as a Gargoyle Fighter on Aug 21, 2022.
             Slain by Natasha (8 damage)
             ... on level 2 of the Dungeon.
             The game lasted 00:01:54 (1921 turns).

SensoryNuts the Trooper (Gargoyle Fighter)          Turns: 1921, Time: 00:01:55

Health: -3/29      AC: 10    Str: 22    XL:     4   Next: 0%
Magic:  4/4        EV:  6    Int:  8    God:
Gold:   10         SH:  4    Dex:  9    Spells: 3/3 levels left

rFire   + . .      SeeInvis .    a - +0 long sword
rCold   + . .      Faith    .    c - +0 buckler
rNeg    + . .      Spirit   .    b - +0 scale mail
rPois   ∞          Reflect  .    (no helmet)
rElec   +          Harm     .    (no cloak)
rCorr   +          Rampage  .    (no gloves)
Will    .....                    (no boots)
Stlth   ..........               (no amulet)
HPRegen 0.09/turn                (no ring)
MPRegen 0.09/turn                (no ring)

@: resistant, grasped by roots, constricted
A: sickness immunity, AC +3, negative energy resistance 1, electricity
resistance, torment resistance 1, petrification resistance
a: no special abilities


You were on level 2 of the Dungeon.
You visited 1 branch of the dungeon, and saw 2 of its levels.

You collected 170 gold pieces.
You spent 160 gold pieces at shops.

Inventory:

Hand Weapons
 a - a +0 long sword (weapon)
Armour
 b - a +0 scale mail (worn)
 c - a +0 buckler (worn)
 f - a +0 cloak
Scrolls
 e - 2 scrolls of identify
 i - a scroll of teleportation
Potions
 g - 3 potions of mutation
 h - a potion of flight


   Skills:
 + Level 3.9 Fighting
 + Level 2.4 Long Blades
 + Level 3.8 Armour
 + Level 0.5 Dodging
 + Level 3.6 Shields


You had 3 spell levels left.
You didn't know any spells.
Your spell library was empty.

Dungeon Overview and Level Annotations

Branches:
Dungeon (2/15)

Altars:
Qazlal

Shops:
D:2 !!

Annotations:
D:2 Natasha


Innate Abilities, Weirdness & Mutations

You are immune to sickness and miasma.
Your stone body is resilient. (AC +3)
You are immune to poison.
You resist negative energy. (rN+)
You are resistant to electric shocks. (rElec)
You are resistant to unholy torment.
You are immune to petrification.


Message History

Natasha casts a spell.
Okay, then.
Natasha zaps a wand.
The roots erupt in riotous growth!
The shadow imp is unaffected.
The grasping roots grab you!
Natasha is unaffected.
The grasping roots constrict you.
The shadow imp hits you but does no damage.
You hit the shadow imp.
The shadow imp is lightly wounded.
The grasping roots constrict you. You block the shadow imp's attack.
The grasping roots release their grip on you.
You barely miss Natasha. Natasha barely misses you. The shadow imp hits you.
Natasha casts a spell at you. The magic dart hits you.
You hit Natasha.
Natasha is moderately wounded.
The shadow imp hits you but does no damage.
Natasha claws you but does no damage. The shadow imp hits you.
You hit Natasha but do no damage.
Natasha is moderately wounded.
Natasha claws you.
The shadow imp hits you but does no damage.
You hit Natasha but do no damage.
Natasha is moderately wounded.
Natasha zaps a wand.
The roots erupt in riotous growth!
The grasping roots grab you!
Natasha is unaffected.
The shadow imp is unaffected.
The grasping roots constrict you.
* * * LOW HITPOINT WARNING * * *
The shadow imp hits you.
* * * LOW HITPOINT WARNING * * *
Natasha stares at you and mumbles some strange words.
You resist with some effort. The grasping roots constrict you.
As you read the scroll labelled LUIRRY ELEI, it crumbles to dust.
It is a scroll of identify.
i - a scroll of teleportation The shadow imp hits you but does no damage.
Natasha extends her claws.
Natasha claws you!
You die...

#..........#####
#.............####
#...≈."....##....#
#?.≈.≈....†...##>####
#.≈...≈.......##..(<# ..
#≈..∩..≈......#####.## ##
.###..≈!..≈.........###..### ..
.......≈.≈............##...#
#.####.......≈..@........#..###.#
.... ...##.....h5.)......##.....#
.#.# ..##......./.....#.####....
.#.####.##...........[.#...###.##
.....##.###..............#..##.##
.<.........#...........#..#......
...........####.##.........###.##
...........####. #.......#.....##
.................................


You could see Natasha and a shadow imp (summoned).

Vanquished Creatures
  Natasha (D:2)
  A dart slug (D:2)
  2 ball pythons
  5 endoplasms
  2 giant cockroaches
  A goblin (D:1)
  2 hobgoblins (D:1)
  2 jackals (D:1)
  4 kobolds
  A quokka (D:1)
  2 bats (D:1)
  4 frilled lizards
  2 rats (D:1)
29 creatures vanquished.

Notes
Turn   | Place    | Note
-------+----------+-------------------------------------------
     0 | D:1      | SensoryNuts the Gargoyle Fighter began the quest for the
                  | Orb.
     0 | D:1      | Reached XP level 1. HP: 14/14 MP: 1/1
   213 | D:1      | Reached XP level 2. HP: 16/20 MP: 2/2
  1619 | D:2      | Reached XP level 3. HP: 24/24 MP: 3/3
  1702 | D:2      | Found a faded altar of an unknown god.
  1799 | D:2      | Found a stormy altar of Qazlal.
  1815 | D:2      | Found Giant's Distillery.
  1821 | D:2      | Bought a potion of mutation for 80 gold pieces
  1821 | D:2      | Bought a potion of mutation for 80 gold pieces
  1869 | D:2      | Found Vuorih's Distillery.
  1873 | D:2      | Noticed Natasha
  1889 | D:2      | Killed Natasha
  1894 | D:2      | Reached XP level 4. HP: 29/29 MP: 4/4
  1912 | D:2      | Noticed Natasha
  1921 | D:2      | Slain by Natasha

Illustrated notes

Levels and vault maps discovered:
D:1:      minmay_arrival_arboretum_small, layout_basic, minmay_ruptured
D:2:      layout_rooms, basic_altar, serial_shops, nicolae_diamond_shop, shop,
          nicolae_shop_behind_doors, shapermc_ecumenical_altar_totnotflames,
          chequers_serial_rivers_micro_e, minmay_goblin_kobold_house,
          uniq_natasha

Skill      XL: |  1  2 |
---------------+-------+-----
Long Blades    | 2 |  2.4
Fighting       | |  3.9
Armour         | |  3.8
Dodging        | |  0.5
Shields        | |  3.6

Action                   |  1- 3 |  4- 6 || total
-------------------------+-------+-------++-------
Melee: Long sword        |   104 |     5 ||   109
  Use: Potion            |     6 |       ||     6
       Scroll            |       |     1 ||     1
Armor: Scale mail        |    57 |     5 ||    62
       Skin              |    15 |       ||    15
Dodge: Dodged            |    44 |     1 ||    45
Block: Buckler           |    19 |     1 ||    20

Table legend: (Time is in decaauts)
 A = Elapsed time spent in this place.
 B = Non-inter-level travel time spent in this place.
 C = Inter-level travel time spent in this place.
 D = Time resting spent in this place.
 E = Time spent auto-exploring this place.
 F = Levels seen in this place.
 G = Mean time per level.
                   A        B        C        D        E       F      G
               +--------+--------+--------+--------+--------+-----+--------+
         Total |   1968 |   1764 |    204 |     15 |   1477 |   2 |  984.0 |
       Dungeon |   1968 |   1764 |    204 |     15 |   1477 |   2 |  984.0 |
               +--------+--------+--------+--------+--------+-----+--------+

Top non-repeatable levels by time:
     D:1: 1637 daAuts
     D:2: 330 daAuts
